 Dungeon Crawl Stone Soup version 0.30.0-18-gc0e69614cb (webtiles) character file.

Game seed: 11997912331900341741

1080 MacCMillion the Chopper (level 8, 0/62 HPs)
             Began as a Ghoul Gladiator on May 25, 2023.
             Was a Follower of Makhleb.
             Slain by an orc wizard
             ... wielding a +0 dagger
              (2 damage)
             ... on level 5 of the Dungeon.
             The game lasted 00:19:13 (5836 turns).

MacCMillion the Chopper (Ghoul Gladiator)           Turns: 5836, Time: 00:19:13

Health: 0/62       AC: 10    Str: 20    XL:     8   Next: 29%
Magic:  7/7        EV:  8    Int:  3    God:    Makhleb [*.....]
Gold:   218        SH:  0    Dex: 10    Spells: 7/7 levels left

rFire   + . .        a - +0 war axe
rCold   + + .        h - +0 buckler
rNeg    + + +        i - +0 chain mail
rPois   ∞            c - +0 helmet
rElec   +            (no cloak)
rCorr   +            b - +0 pair of gloves
SInv    .            (no boots)
Will    .....        (no amulet) Stlth
                     (no ring)
HPRegen 0.00/turn    (no ring)
MPRegen 0.10/turn

%: no passive effects
@: confused, resistant, attractive, inhibited regen
A: claws 1, cold resistance 1, negative energy resistance 3, inhibited
regeneration, torment resistance 2, devour on kill
a: Renounce Religion


You were on level 5 of the Dungeon.
You worshipped Makhleb.
Makhleb was aware of your devotion.
You visited 2 branches of the dungeon, and saw 7 of its levels.

You collected 218 gold pieces.

Inventory:

Hand Weapons
 a - a +0 war axe (weapon)
Missiles
 d - 2 throwing nets
 u - a javelin (quivered)
 v - 7 poisoned darts
Armour
 b - a +0 pair of gloves (worn)
 c - a +0 helmet (worn)
 h - a +0 buckler (worn)
 i - a +0 chain mail (worn)
Jewellery
 n - a ring of wizardry
Wands
 t - a wand of roots (11)
Scrolls
 e - a scroll of fog {unknown}
 g - 2 scrolls of teleportation
 o - 5 scrolls of identify {unknown}
 p - 2 scrolls of brand weapon {unknown}
 q - a scroll of acquirement {unknown}
 r - a scroll of summoning {unknown}
 s - 2 scrolls of vulnerability {unknown}
 x - a scroll of fear {unknown}
 y - 2 scrolls of magic mapping {unknown}
 B - a scroll of blinking {unknown}
 C - a scroll of torment {unknown}
 D - a scroll of amnesia {unknown}
Potions
 f - 2 potions of resistance
 j - a potion of attraction
 k - a potion of haste {unknown}
 l - a potion of flight {unknown}
 m - a potion of might {unknown}
 w - a potion of mutation {unknown}
 z - 2 potions of curing {unknown}
 A - 2 potions of degeneration {unknown}


   Skills:
 - Level 2.3 Fighting
 + Level 6.6 Axes
 - Level 2.2 Throwing
 - Level 2.6 Dodging
 - Level 1.0 Stealth
 + Level 5.7 Shields


You had 7 spell levels left.
You didn't know any spells.
Your spell library contained the following spells:

 Spells                   Type           Power      Damage    Failure   Level
 Magic Dart               Conj           0%         1d3       100%        1
 Sandblast                Erth           0%         2d4       100%        1
 Call Imp                 Summ           0%         N/A       100%        2
 Passwall                 Tmut/Erth      0%         N/A       100%        2
 Mephitic Cloud           Conj/Pois/Air  0%         N/A       100%        3
 Stone Arrow              Conj/Erth      0%         3d7       100%        3
 Summon Hydra             Summ           0%         N/A       100%        7
 Sublimation of Blood     Necr           Unusable   N/A       N/A         2
 Wereblood                Tmut           Unusable   N/A       N/A         2

Dungeon Overview and Level Annotations

Branches:
Dungeon (6/15)             Temple (1/1) D:4

Altars:
Ashenzari
Cheibriados
Fedhas
Gozag
Hepliaklqana
Kikubaaqudgha
Makhleb
Nemelex Xobeh
Okawaru
Qazlal
Ru
Trog
Uskayaw
Vehumet
Wu Jian
Xom
Yredelemnul

Annotations:
D:5 Sigmund
D:6 Maggie


Innate Abilities, Weirdness & Mutations

You are immune to poison.
You have sharp fingernails.
Your flesh is cold resistant. (rC+)
You are immune to negative energy. (rN+++)
You do not regenerate when monsters are visible.
You are immune to unholy pain and torment.
You thrive by killing the living.


Message History

You block the orc wizard's attack. The orc warrior closely misses you.
You are too injured to fight recklessly!
You are too injured to fight recklessly!
You hit the orc warrior but do no damage.
The orc warrior is severely wounded.
You barely miss the orc wizard.
The orc wizard hits you but does no damage.
The orc warrior hits you with a +0 hand axe.
Unknown command.
You slash the orc warrior!
The orc warrior is almost dead.
You slash the orc wizard!
The orc wizard gestures at you while chanting.
You are confused.
The orc warrior hits you but does no damage.
It was a potion of resistance.
You feel protected.
The orc wizard gestures wildly while chanting.
The orc wizard flickers and vanishes!
Deactivating autopickup; reactivate with Ctrl-A.
The orc warrior hits you with a +0 hand axe.
It was a potion of attraction.
You feel attractive to monsters. Something hits you.
The orc warrior barely misses you.
The orc warrior attacks as you move away!
The orc warrior hits you with a +0 hand axe!
* * * LOW HITPOINT WARNING * * *
Something completely misses you.
The orc warrior unwields a +0 hand axe.
The orc warrior wields a +0 arbalest.
The orc warrior shoots a bolt.
The bolt hits you!
* * * LOW HITPOINT WARNING * * *
The orc warrior is attracted toward you.
You barely miss the orc warrior.
The orc warrior is almost dead.
You barely miss something. Something hits you but does no damage.
The orc warrior unwields a +0 arbalest.
The orc warrior wields a +0 hand axe.
The orc warrior hits you with a +0 hand axe.
* * * LOW HITPOINT WARNING * * *
Something hits you.
You die...

#....... #. ..# #.......
#. .... #....... .o
#...# #....... ##. #..8
...####. #..##... #.. ##
#..#..# #. #
###..#{##########.
#....§o@..........#
#.##...##...####..######
#..#####...###........
#)## ##......#...... #.#
##.....######## ##
#......# # ### ##.....##
# #.## ##......# ##.##
###.....#.#


You could see an orc warrior.

Vanquished Creatures
  Prince Ribbit (D:5)
  An ice beast (D:5)
  A centaur (D:6)
  A phantom (D:5)
  Blork the orc (D:4)
  3 scorpions (D:5)
  2 orc priests
  Jessica (D:2)
  3 iguanas
  Terence (D:3)
  A sleepcap (D:6)
  4 adders
  4 gnolls (D:4)
  3 ufetubi
  4 worms
  8 orcs
  9 bats
  10 endoplasms
  2 giant cockroaches
  9 goblins
  4 hobgoblins
  2 jackals (D:2)
  3 quokkas
  4 ball pythons
  5 frilled lizards
  5 kobolds
  2 rats
94 creatures vanquished.

Notes
Turn   | Place    | Note
-------+----------+-------------------------------------------
     0 | D:1      | MacCMillion the Ghoul Gladiator began the quest for the
                  | Orb.
     0 | D:1      | Reached XP level 1. HP: 17/17 MP: 0/0
   222 | D:1      | Reached XP level 2. HP: 25/25 MP: 1/1
   406 | D:1      | Found a faded altar of an unknown god.
   488 | D:1      | Reached skill level 3 in Axes
   744 | D:1      | Reached skill level 1 in Stealth
  1123 | D:2      | Reached XP level 3. HP: 30/30 MP: 2/2
  1167 | D:2      | Noticed Jessica
  1169 | D:2      | Killed Jessica
  1170 | D:2      | Reached skill level 1 in Shields
  1250 | D:2      | Found a hazy altar of Hepliaklqana.
  1329 | D:2      | Reached XP level 4. HP: 30/37 MP: 3/3
  2436 | D:3      | Noticed Terence
  2451 | D:3      | Killed Terence
  2452 | D:3      | Reached XP level 5. HP: 30/42 MP: 4/4
  2508 | D:3      | Reached skill level 4 in Axes
  2552 | D:3      | Found an ancient bone altar of Kikubaaqudgha.
  2903 | D:4      | Found a staircase to the Ecumenical Temple.
  2916 | Temple   | Entered the Ecumenical Temple
  3091 | Temple   | Became a worshipper of Makhleb the Destroyer
  3124 | D:4      | Found a snail-covered altar of Cheibriados.
  3458 | D:4      | Reached XP level 6. HP: 42/49 MP: 5/5
  3579 | D:4      | Noticed Blork the orc
  3589 | D:4      | Killed Blork the orc
  4146 | D:5      | Entered Level 5 of the Dungeon
  4494 | D:5      | Reached skill level 5 in Axes
  4525 | D:5      | Reached XP level 7. HP: 52/56 MP: 6/6
  4741 | D:5      | Noticed Prince Ribbit
  4763 | D:5      | Killed Prince Ribbit
  4876 | D:5      | Noticed Sigmund
  4974 | D:5      | Reached skill level 6 in Axes
  4974 | D:5      | Reached skill level 5 in Shields
  5093 | D:5      | Reached XP level 8. HP: 62/62 MP: 7/7
  5624 | D:6      | Noticed Maggie
  5825 | D:5      | Reached * piety under Makhleb
  5836 | D:5      | HP: 2/62 [orc warrior/+0 hand axe (5)]
  5836 | D:5      | Slain by an orc wizard

Illustrated notes

Levels and vault maps discovered:
D:1:      lemuel_arrival_cross, layout_basic,
          ebering_ecumenical_altar_sacrificial
D:2:      layout_basic, basic_altar, uniq_jessica
D:3:      layout_basic, kiku_gazebo_pond_becter, kennysheep_nub, uniq_terence
D:4:      layout_basic, cheibrodos_worm_habitat, minmay_temple_entry_grid,
          nicolae_grassy_gnolls, uniq_blork_the_orc
D:5:      wad_lake_hut, layout_layer_cave, guppyfry_early_orc_mine,
          uniq_prince_ribbit1, uniq_sigmund
D:6:      layout_loops_ring, minmay_statues_item, uniq_maggie
Temple:   bh_familiar_temple

Skill      XL: |  1  2  3  4  5  6  7 |
---------------+----------------------+-----
Throwing       | 2 |  2.2
Axes           | 3 4 5 6 |  6.6
Stealth        | 1 |  1.0
Shields        | 1 2 3 4 5 |  5.7
Fighting       | |  2.3
Dodging        | |  2.6

Action                     |  1- 3 |  4- 6 |  7- 9 || total
---------------------------+-------+-------+-------++-------
  Melee: War axe           |    70 |   219 |    82 ||   371
  Throw: Javelin           |       |     1 |     1 ||     2
         Throwing net      |       |       |     1 ||     1
    Use: Scroll            |       |       |     1 ||     1
         Potion            |       |       |     2 ||     2
 Armour: Leather armour    |    11 |       |       ||    11
         Chain mail        |    22 |   125 |    76 ||   223
  Dodge: Dodged            |    35 |    82 |    59 ||   176
  Block: Buckler           |     7 |    47 |    32 ||    86
